 Dungeon Crawl Stone Soup version 0.18.1-8-gdd0e5ea (webtiles) character file.

539 M4edhros the Ducker (level 7, -3/50 HPs)
             Began as a Formicid Hunter on June 4, 2016.
             Was an Initiate of Gozag.
             Splashed by a jelly's acid (8 damage)
             ... on level 7 of the Dungeon.
             The game lasted 00:06:47 (5392 turns).

M4edhros the Ducker (Formicid Hunter)               Turns: 5392, Time: 00:06:49

Health: -3/50      AC:  1    Str: 17    XL:     7   Next: 51%
Magic:  7/7        EV: 11    Int: 10    God:    Gozag
Gold:   264        SH:  7    Dex: 13    Spells: 0 memorised, 6 levels left

rFire  . . .     SeeInvis +     B - -3 falchion (curse)
rCold  . . .     Gourm    +     c - +0 leather armour
rNeg   + . .     Faith    .     s - +0 shield
rPois  +         Spirit   .     (helmet unavailable)
rElec  .         Dismiss  .     (no cloak)
rCorr  .         Reflect  .     u - +1 pair of gloves
SustAt .         Harm     .     (no boots)
MR     .....                    m - amulet of the gourmand
Stlth  +.........               y - ring of positive energy
                                t - ring of poison resistance

@: corroded, not resistant to hostile enchantments, very unstealthy
A: permanent stasis, dig shafts and tunnels, four strong arms, antennae 3
a: Dig, Shaft Self, Potion Petition, Call Merchant, Bribe Branch, Renounce
Religion


You were on level 7 of the Dungeon.
You worshipped Gozag.
Gozag was noncommittal.
You were not hungry.

You visited 1 branch of the dungeon, and saw 7 of its levels.
You also visited: Sewer.

You collected 316 gold pieces.
You paid 52 gold pieces to Gozag.

Inventory:

Hand Weapons
 a - a +2 hand crossbow
 b - a +0 short sword
 k - the +10 short sword "Zeathack" {flame, rN+ MP-9 Stlth+, unknown}
   (You found it on level 6 of the Dungeon)

   It has been specially enchanted to burn those struck by it, causing extra
   injury to most foes and up to half again as much damage against particularly
   susceptible opponents.
   It protects you from negative energy.
   It affects your magic capacity (-9).
   It makes you more stealthy.
 r - a +0 spear
 v - a +0 blowgun
 B - a cursed -3 falchion (weapon)
Missiles
 d - 32 bolts
 w - 41 poisoned needles
Armour
 c - a +0 leather armour (worn)
 s - a +0 shield (worn)
 u - a +1 pair of gloves (worn)
Jewellery
 m - an amulet of the gourmand (around neck)
 t - a ring of poison resistance (left hand)
 y - a ring of positive energy (right hand)
Wands
 z - a wand of enslavement (7/24)
Scrolls
 e - a scroll of amnesia
 g - a scroll of identify
 n - a scroll of enchant weapon
Potions
 j - 2 potions of curing
 l - 2 potions of flight {unknown}
 o - a potion of heal wounds
 p - a potion of resistance
 x - a potion of agility
Comestibles
 f - 2 bread rations
 h - 2 slices of pizza
 i - 4 fruits


   Skills:
 - Level 2.1 Fighting
 * Level 4.1 Polearms
 - Level 4.0 Crossbows
 + Level 5.8 Dodging
 - Level 1.2 Stealth


You had 6 spell levels left.
You didn't know any spells.

Dungeon Overview and Level Annotations

Branches:
Dungeon (7/15)
 Temple: D:4-7

Altars:
Gozag
Qazlal

Annotations:
D:4 M4edhros's ghost, amateur FoHu
D:6 Eustachio


Innate Abilities, Weirdness & Mutations

You are under a permanent stasis effect.
You can dig through walls and to a lower floor.
Your four strong arms can wield two-handed weapons with a shield.
You have a pair of large antennae on your head (SInv).


Message History

Zapping:
z - a wand of enslavement {zapped: 3} (will waste charges)
Press: ? - help, Shift-Dir - straight line, f - jelly
Aim: a jelly (heavily wounded, chance to defeat MR: 54%)
The jelly resists with significant effort.
Evoking this partially-identified wand wasted a few charges.
The jelly hits you.
* * * LOW HITPOINT WARNING * * *
You are splashed with acid!
The acid burns!
* * * LOW HITPOINT WARNING * * *
Evoke which item? (* to show all) (? for menu, Esc to quit)
Zapping:
z - a wand of enslavement {zapped: 5} (will waste charges)
Press: ? - help, Shift-Dir - straight line, f/p - jelly
Aim: a jelly (heavily wounded, chance to defeat MR: 54%)
The jelly resists with significant effort.
Evoking this partially-identified wand wasted a few charges.
The jelly hits you.
* * * LOW HITPOINT WARNING * * *
You are splashed with acid!
The acid burns!
You die...
Your body crumbles into a pile of gold.

.......###
.........
.......
......
....#
#.#.#
#.#.####
#$@J...# $
#<#....#
###....#
{{ !...#
....# {
....#
#####


You could see a jelly.

Vanquished Creatures
  A phantom (D:4)
  A big kobold (Sewer)
  A giant frog (D:7)
  An orc priest (D:4)
  A jelly (D:3)
  Jessica (D:3)
  Terence (D:3)
  A hound skeleton (D:4)
  4 gnolls
  5 adders
  An ooze (D:2)
  2 dart slugs
  4 giant geckos
  5 orcs
  2 ball pythons
  2 giant cockroaches (D:2)
  10 goblins
  6 hobgoblins
  16 jackals
  12 kobolds
  5 quokkas
  12 bats
  4 giant newts
  6 rats
104 creatures vanquished.

Vanquished Creatures (others)
  A goblin (D:3)
  A jackal (D:3)
2 creatures vanquished.

Grand Total: 106 creatures vanquished

Notes
Turn   | Place    | Note
--------------------------------------------------------------
     0 | D:1      | M4edhros the Formicid Hunter began the quest for the Orb.
     0 | D:1      | Reached XP level 1. HP: 16/16 MP: 1/1
    25 | D:1      | Reached skill level 2 in Dodging
    76 | D:1      | Reached XP level 2. HP: 22/22 MP: 2/2
   149 | D:1      | Reached skill level 3 in Dodging
   149 | D:1      | Reached XP level 3. HP: 27/27 MP: 3/3
   970 | D:2      | Reached XP level 4. HP: 33/33 MP: 4/4
  1140 | D:3      | Reached skill level 4 in Dodging
  1160 | D:3      | Noticed Jessica
  1161 | D:3      | Killed Jessica
  1161 | D:3      | Reached XP level 5. HP: 38/38 MP: 5/5
  1187 | D:3      | Found a stormy altar of Qazlal.
  1208 | D:3      | Noticed Terence
  1218 | D:3      | Killed Terence
  1321 | D:3      | Reached skill level 5 in Dodging
  1544 | D:3      | Reached XP level 6. HP: 37/44 MP: 6/6
  1843 | D:4      | Noticed M4edhros's ghost (amateur FoHu)
  1844 | D:4      | Reached skill level 1 in Polearms
  1969 | D:4      | Noticed a phantom
  1984 | D:4      | Killed a phantom
  3044 | D:4      | Reached XP level 7. HP: 32/50 MP: 7/7
  3192 | D:4      | Found an opulent altar of Gozag.
  3274 | D:4      | Became a worshipper of Gozag Ym Sagoz the Greedy
  4271 | D:5      | Entered Level 5 of the Dungeon
  4271 | D:5      | Noticed a yak
  4271 | D:5      | Noticed a yak
  4271 | D:5      | Noticed a yak
  4271 | D:5      | Noticed a yak
  4271 | D:5      | Noticed a yak
  4544 | D:4      | You fall through a shaft for 2 floors!
  4544 | D:6      | Noticed Eustachio
  4555 | D:6      | Found a stormy altar of Qazlal.
  4586 | D:6      | Got a bloodstained short sword
  4611 | D:6      | Found a glowing drain.
  4620 | Sewer    | Entered a sewer
  5292 | Sewer    | Found a white marble altar of Elyvilon.
  5392 | D:7      | Splashed by a jelly's acid

Skill      XL: |  1  2  3  4  5  6  7 |
---------------+----------------------+-----
Dodging        | 2 3 4 5 |  5.8
Polearms       | 2 4 |  4.1
Fighting       | |  2.1
Crossbows      | |  4.0
Stealth        | |  1.2

Action                   |  1- 3 |  4- 6 |  7- 9 || total
-------------------------+-------+-------+-------++-------
Melee: Spear             |       |    51 |       ||    51
       Short sword       |       |    20 |    83 ||   103
       Falchion          |       |       |   135 ||   135
 Fire: Hand crossbow     |    41 |   112 |       ||   153
 Abil: Shaft Self        |       |       |     1 ||     1
Evoke: Wand              |       |       |     3 ||     3
  Use: Potion            |       |       |     9 ||     9
       Scroll            |       |       |     5 ||     5
 Stab: Sleeping          |       |       |     2 ||     2
  Eat: Chunk             |       |     8 |     4 ||    12
       Bread ration      |       |       |     1 ||     1
Armor: Leather armour    |     2 |    21 |   112 ||   135
Dodge: Dodged            |     4 |    72 |   212 ||   288
Block: Shield            |       |    44 |   138 ||   182
